 Dungeon Crawl Stone Soup version 0.16.1-2-g95b8d4c (webtiles) character file.

179 karlm the Bolt Thrower (level 5, 0/36 HPs)
             Began as a High Elf Hunter on Mar 25, 2015.
             Succumbed to an adder's poison
             ... on level 4 of the Dungeon.
             The game lasted 00:14:37 (4745 turns).

karlm the Bolt Thrower (High Elf Hunter)            Turns: 4745, Time: 00:14:38

Health: 0/36       AC:  4    Str: 11    XL:     5   Next: 32%
Magic:  16/17      EV: 13    Int: 14    God:
Gold:   140        SH:  0    Dex: 17    Spells: 0 memorised, 4 levels left

rFire  . . .     SeeInvis .     a - +0 short sword
rCold  . . .     Clarity  .     d - +0 leather armour
rNeg   . . .     SustAb   .     (no shield)
rPois  .         Gourm    .     (no helmet)
rElec  .         Spirit   .     (no cloak)
rCorr  .         Warding  .     k - +0 pair of gloves
rMut   .         Stasis   .     (no boots)
MR     .....                    (no amulet)
Stlth  ++........               o - ring of magical power
                                q - ring of invisibility

@: lethally poisoned (0 -> -9), very slightly contaminated, invisible, not
resistant to hostile enchantments, unstealthy
A: no striking features
a: Turn Visible


You were on level 4 of the Dungeon.
You were not hungry.

You visited 1 branch of the dungeon, and saw 4 of its levels.

You collected 140 gold pieces.

Inventory:

Hand weapons
 a - a +0 short sword (weapon)
 b - a +1 hand crossbow
Missiles
 c - 4 bolts
 h - 40 stones (quivered)
Armour
 d - a +0 leather armour (worn)
 k - a +0 pair of gloves (worn)
 u - a +0 shield
Jewellery
 e - an uncursed ring of flight
 o - a ring of magical power (right hand)
 q - a ring of invisibility (left hand)
Scrolls
 l - a scroll of amnesia {unknown}
 p - a scroll of identify {unknown}
 r - 2 scrolls of teleportation {unknown}
 s - a scroll of noise {unknown}
 v - a scroll of enchant weapon {unknown}
 w - 2 scrolls of remove curse {unknown}
 x - a scroll of enchant armour {unknown}
Potions
 g - a potion of curing {unknown}
 m - a potion of brilliance
 n - 3 potions of restore abilities
 t - a potion of cancellation {unknown}
Comestibles
 f - 2 bread rations
 i - a chunk of flesh
 j - 4 fruits


   Skills:
 * Level 3.2 Fighting
 * Level 5.4 Crossbows
 + Level 2.9 Dodging
 + Level 2.2 Stealth
 + Level 0.7 Evocations


You had 4 spell levels left.
You didn't know any spells.

Dungeon Overview and Level Annotations

Branches:
Dungeon (4/15)
 Temple: D:4-7

Altars:
Ashenzari
Trog

Annotations:
D:2 Robin
D:3 Ladykiller69's ghost, weakling MiFi; Natasha; Sigmund


Message History

You feel sick. The adder completely misses you.
You completely miss the adder.
The adder is moderately wounded.
* * * LOW HITPOINT WARNING * * *
You feel sick. The adder barely misses you. The adder misses you.
You hit the adder.
The adder is heavily wounded.
* * * LOW HITPOINT WARNING * * *
You feel sick. The adder closely misses you.
You catch the helpless adder completely off-guard!
You hit the adder!
You kill the adder!
* * * LOW HITPOINT WARNING * * *
You feel sick.
There is a lethal amount of poison in your body!
There is a lethal amount of poison in your body!
* * * LOW HITPOINT WARNING * * *
You feel sick.
You see here an adder corpse.
You die...

#.....#......#.##
#.....#.##..###.#
#.....#.##.#.#.##
#.....#.##....##
#######.#####.#
#######.#####.# #(.
..........# #.#
###.#####.#
#@#####.#####.# #
#†##..........#
#...##.##.##.#######
#.......##.#
####.......#
#########


There were no monsters in sight!

Vanquished Creatures
  An orc priest (D:3)
  Natasha (twice) (D:3)
  3 adders
  A worm (D:1)
  6 orcs (D:3)
  4 giant cockroaches
  11 goblins
  12 hobgoblins
  4 jackals (D:1)
  5 kobolds
  An ooze (D:3)
  A quokka (D:2)
  11 bats
  4 giant newts
  12 rats
78 creatures vanquished.

Notes
Turn   | Place    | Note
--------------------------------------------------------------
     0 | D:1      | karlm, the High Elf Hunter, began the quest for the Orb.
     0 | D:1      | Reached XP level 1. HP: 14/14 MP: 2/2
   141 | D:1      | Reached XP level 2. HP: 6/19 MP: 3/3
  1023 | D:2      | Found a shattered altar of Ashenzari.
  1196 | D:2      | Reached XP level 3. HP: 24/24 MP: 5/5
  1858 | D:2      | Reached skill level 5 in Crossbows
  2166 | D:3      | Noticed Robin
  2213 | D:1      | Reached XP level 4. HP: 14/30 MP: 7/7
  2391 | D:3      | Found a bloodstained altar of Trog.
  2800 | D:3      | Noticed Natasha
  2800 | D:3      | Noticed Sigmund
  2987 | D:3      | Killed Natasha
  3043 | D:3      | Noticed Natasha
  3051 | D:3      | HP: 1/30 [shadow imp[Natasha] (2)]
  3052 | D:3      | Killed Natasha
  3403 | D:3      | Noticed Ladykiller69's ghost (weakling MiFi)
  3660 | D:3      | Noticed Natasha
  4214 | D:3      | Reached XP level 5. HP: 34/36 MP: 8/8
  4744 | D:4      | HP: 1/36 [poisoned by an adder]
  4745 | D:4      | Succumbed to an adder's poison

Action                   |  1- 3 |  4- 6 || total
-------------------------+-------+-------++-------
Melee: Short sword       |   126 |   116 ||   242
 Fire: Hand crossbow     |    20 |    18 ||    38
Throw: Stone             |    34 |    56 ||    90
 Abil: Evoke Invisibilit |     3 |     3 ||     6
  Use: Potion            |       |     4 ||     4
 Stab: Sleeping          |     1 |     2 ||     3
       Invisible         |     5 |     2 ||     7
  Eat: Chunk             |     5 |     5 ||    10
       Meat ration       |       |     1 ||     1
